 Dungeon Crawl Stone Soup version 0.18-a0-1721-gc4d1f22 (webtiles) character file.

612 ishmael the Grappler (level 7, -2/66 HPs)
             Began as a Troll Monk on Apr 9, 2016.
             Was a Believer of Makhleb.
             Slain by a slave (5 damage)
             ... led by Pikel
             ... on level 5 of the Dungeon.
             The game lasted 00:07:49 (3252 turns).

ishmael the Grappler (Troll Monk)                   Turns: 3252, Time: 00:07:50

Health: -2/66      AC:  5    Str: 20    XL:     7   Next: 20%
Magic:  6/6        EV: 10    Int:  6    God:    Makhleb [**....]
Gold:   193        SH:  0    Dex: 14    Spells: 0 memorised, 6 levels left

rFire  + . .     SeeInvis .       - Unarmed
rCold  . . .     Gourm    +     a - +0 robe
rNeg   . . .     Faith    .     (no shield)
rPois  .         Spirit   .     (helmet restricted)
rElec  .         Dismiss  .     (no cloak)
rCorr  .         Reflect  .     (gloves unavailable)
SustAt .         Harm     .     (boots unavailable)
MR     .....                    (no amulet)
Stlth  ++........               (no ring)
                                l - ring of protection from fire

@: not resistant to hostile enchantments, unstealthy
A: unfitting armour, claws 3, fast metabolism 3, gourmand, regeneration 2,
shaggy fur 1, tough skin 2
a: Minor Destruction, Renounce Religion


You were on level 5 of the Dungeon.
You worshipped Makhleb.
Makhleb was pleased with you.
You were not hungry.

You visited 2 branches of the dungeon, and saw 6 of its levels.

You collected 193 gold pieces.

Inventory:

Missiles
 w - 3 tomahawks (quivered)
Armour
 a - a +0 robe (worn)
Jewellery
 f - an uncursed amulet of dismissal
 l - a ring of protection from fire (left claw)
Scrolls
 e - a scroll of amnesia {unknown}
 g - 3 scrolls of remove curse
 h - 3 scrolls of enchant weapon
 i - 4 scrolls of identify
 m - a scroll of immolation {unknown}
 n - a scroll of enchant armour {unknown}
 o - 2 scrolls of teleportation {unknown}
 r - a scroll of magic mapping {unknown}
 u - a scroll of recharging {unknown}
 v - a scroll of blinking {unknown}
Potions
 c - a potion of curing
 d - 4 potions of mutation
 j - 4 potions of cancellation
 t - a potion of flight {unknown}
 x - a potion of berserk rage {unknown}
Books
 p - a book of Callings

   Spells                             Type                      Level
   a - Summon Small Mammal            Summoning                    1
   b - Call Imp                       Summoning                    2
   c - Call Canine Familiar           Summoning                    3
   d - Summon Guardian Golem          Hexes/Summoning              3
   e - Summon Lightning Spire         Summoning/Air                4
   f - Summon Ice Beast               Ice/Summoning                4
Comestibles
 b - 6 bread rations
 k - 5 fruits
 q - 2 meat rations
 s - 2 beef jerkies


   Skills:
 - Level 2.4 Fighting
 - Level 2.4 Dodging
 - Level 1.1 Stealth
 + Level 8.8 Unarmed Combat


You had 6 spell levels left.
You didn't know any spells.

Dungeon Overview and Level Annotations

Branches:
Dungeon (5/15)             Temple (1/1) D:4

Altars:
Ashenzari
Cheibriados
Dithmenos
Elyvilon
Fedhas
Gozag
Kikubaaqudgha
Makhleb
Nemelex Xobeh
Pakellas
Sif Muna
Trog
Vehumet
Xom
Yredelemnul
Zin
The Shining One

Shops:
D:4 !

Annotations:
D:5 Pikel


Innate Abilities, Weirdness & Mutations

You are too large for most types of armour.
You have claws for hands.
Your metabolism is lightning-fast.
You like to eat raw meat.
You heal very quickly.
You are covered in fur (AC +1).
You have very tough skin (AC +2).


Message History

Pikel closely misses you.
You closely miss Pikel.
Pikel is severely wounded.
The slave hits you.
* * * LOW HITPOINT WARNING * * *
The slave hits you!
* * * LOW HITPOINT WARNING * * *
You closely miss Pikel.
Pikel is severely wounded.
Pikel hits you but does no damage. The slave hits you but does no damage.
You barely miss Pikel.
Pikel is severely wounded.
The slave hits you.
* * * LOW HITPOINT WARNING * * *
Pikel barely misses you. The slave misses you.
Unknown command.
You miss Pikel.
Pikel is severely wounded.
The slave hits you.
You die...

# ##.... ...###
#####..#.# ......
....#.##.# ....##
....#.##.# #.#..# #.
....#.##.# ##.#..# ...
.........###.....# ....
###............#.## )....
#.....###[#.....pp#......
.............##.@Kp......
.#...........######......
.............# #....
..#.........## #..
..#.........# .
..#.........#
....######### ....# ....#


You could see Pikel and 3 slaves.

Vanquished Creatures
  Sigmund (D:2)
  A slave (D:5)
  A scorpion (D:4)
  A crimson imp (D:5)
  3 hounds
  A centaur skeleton (D:5)
  A worker ant (D:5)
  An orc wizard (D:4)
  Robin (D:3)
  7 adders
  2 oozes
  A worm (D:2)
  3 dart slugs
  A giant gecko (D:2)
  9 orcs
  A ball python (D:2)
  3 giant cockroaches
  13 goblins
  13 hobgoblins
  14 jackals
  11 kobolds
  3 quokkas
  5 bats
  4 giant newts
  3 rats
104 creatures vanquished.

Notes
Turn   | Place    | Note
--------------------------------------------------------------
     0 | D:1      | ishmael the Troll Monk began the quest for the Orb.
     0 | D:1      | Reached XP level 1. HP: 22/22 MP: 0/0
   175 | D:1      | Reached XP level 2. HP: 29/29 MP: 1/1
  1119 | D:2      | Reached skill level 5 in Unarmed Combat
  1119 | D:2      | Reached XP level 3. HP: 28/36 MP: 2/2
  1348 | D:2      | Noticed Sigmund
  1360 | D:2      | Killed Sigmund
  1360 | D:2      | Reached skill level 7 in Unarmed Combat
  1360 | D:2      | Reached XP level 4. HP: 31/44 MP: 3/3
  1360 | D:2      | Reached XP level 5. HP: 36/50 MP: 4/4
  1649 | D:3      | Found a shattered altar of Ashenzari.
  1709 | D:3      | Found a white marble altar of Elyvilon.
  1736 | D:3      | Noticed Robin
  1737 | D:3      | Reached XP level 6. HP: 59/59 MP: 5/5
  1746 | D:3      | Killed Robin
  2185 | D:3      | Found a blossoming altar of Fedhas.
  2187 | D:3      | Found an ancient bone altar of Kikubaaqudgha.
  2595 | D:4      | Reached skill level 8 in Unarmed Combat
  2679 | D:4      | Found a staircase to the Ecumenical Temple.
  2772 | Temple   | Entered the Ecumenical Temple
  2870 | Temple   | Became a worshipper of Makhleb the Destroyer
  2870 | Temple   | Reached * piety under Makhleb
  2870 | Temple   | Reached ** piety under Makhleb
  2925 | D:4      | Found Ogameog's Distillery.
  3084 | D:5      | Entered Level 5 of the Dungeon
  3088 | D:5      | Found a sparkling altar of Nemelex Xobeh.
  3096 | D:5      | Reached XP level 7. HP: 55/66 MP: 6/6
  3170 | D:5      | Found a snail-covered altar of Cheibriados.
  3231 | D:5      | Noticed Pikel
  3251 | D:5      | HP: 3/66 [slave[Pikel] (6)]
  3252 | D:5      | Slain by a slave

Vault maps used:
D:1:      dpeg_arrival_rhombus, serial_co_window_serial, co_window_corner_a,
          co_window_of_opportunity_a, co_window_paths_b, co_window_paths_b,
          co_window_paths_a, co_window_corner_b, co_window_of_opportunity_c,
          co_window_broadway_a, co_window_broadway_a, co_window_4corner_a,
          co_window_paths_d, glass_columns_c, glass_columns_b, glass_columns_a
D:2:      uniq_sigmund
D:3:      lemuel_crystal_altar, grunt_temple_overflow_growth_and_decay,
          first_bread, elyvilon_altar_5, uniq_robin
D:4:      temple_hall, serial_shops, shop
D:5:      grunt_qazlal_sundering, nemelex_deck, cheibriados_altar_1, uniq_pikel
Temple:   circular_temple_12

Skill      XL: |  1  2  3  4  5  6 |
---------------+-------------------+-----
Unarmed Combat | 5 7 8 |  8.8
Fighting       | |  2.4
Dodging        | |  2.4
Stealth        | |  1.1

Action                   |  1- 3 |  4- 6 |  7- 9 || total
-------------------------+-------+-------+-------++-------
Melee: Unarmed           |    94 |   149 |    30 ||   273
  Use: Scroll            |     3 |     3 |       ||     6
 Stab: Sleeping          |     1 |     2 |       ||     3
       Distracted        |       |     1 |       ||     1
  Eat: Chunk             |    14 |     6 |     3 ||    23
       Royal jelly       |     1 |       |       ||     1
       Beef jerky        |     1 |       |       ||     1
